Workbook
Name AbaDeprec: '5. Depreciação'!$A$1
Name AbaRemun: '6.Remuneração de capital'!$A$1

Sheet 1. Transporte escolar van
A1: Orientações para preenchimento: | M1: 4
A2: 1. Esta planilha é somente um modelo-base, devendo ser adaptada para cada caso concreto.
A3: Qualquer custo previsto no edital e não contemplado nesta planilha deverá ser devidamente incluído.
A5: 2. Preencher somente células em amarelo
A6: 3. As células azuis deverão ter seus valores preenchidos em outra planilha do arquivo.
A11: TRANSPORTE ESCOLAR
A12: Planilha de Composição de Custos | P12: 4.8880366 | Q12: 6.6825001 | R12: 4.4960674 | S12: 6.4208391 | T12: - | U12: 5.3910479 | V12: 4.0533522 | W12: 4.1221614 | X12: 4.5625396 | Y12: 5.223107 | Z12: 5.170681 | AA12: 5.3049955 | AB12: 7.3809605 | AC12: 4.1955577 | AD12: 5.0466196 | AE12: 4.7643797 | AF12: 5.1450873 | AG12: 5.3049955 | AH12: 4.3874495 | AI12: 4.4024021 | AJ12: 5.9354836 | AK12: 5.5128296 | AL12: 5.0706684 | AM12: 7.1044699 | AN12: 6.976465 | AO12: 5.8207632 | AP12: 5.896501 | AQ12: 4.0645202 | AR12: 4.8044375 | AS12: 4.5625396 | AT12: 4.6875118 | AU12: 5.8207632 | AV12: 5.0950901 | AW12: 4.9316802 | AX12: 5.1198934 | AY12: 4.6689397 | AZ12: 4.0423
A13: TRECHO: | B13: 6 | C13: KM DIÁRIO: | D13: =VLOOKUP(B13,rotas2!$B$2:$G$38,4,0) -> 105
A15: Descrição do Item | E15: Custo (R$/mês) | F15: %
A16: =A43 -> 1. Mão-de-obra | E16: =+F59 -> 4792.913 | F16: =IFERROR(E16/$E$30,0) -> 0.39306783
A17: =A44 -> 1.1. Motorista Turno do Dia | E17: =F51 -> 4141.713 | F17: =IFERROR(E17/$E$30,0) -> 0.33966278
A18: =A53 -> 1.2. Vale-alimentação (diário) | E18: =F56 -> 651.2 | F18: =IFERROR(E18/$E$30,0) -> 0.053405053
A19: =A61 -> 2. Veículos e Equipamentos | E19: =+F119 -> 5331.102 | F19: =IFERROR(E19/$E$30,0) -> 0.43720483
A20: =A63 -> 2.1. Veículo | E20: =SUM(E21:E26) -> 5331.102 | F20: =IFERROR(E20/$E$30,0) -> 0.43720483
A21: =A64 -> 2.1.1. Depreciação | E21: =F73 -> 707.3 | F21: =IFERROR(E21/$E$30,0) -> 0.058005826
A22: =A75 -> 2.1.2. Remuneração do Capital | E22: =F83 -> 908.802 | F22: =IFERROR(E22/$E$30,0) -> 0.074531048
A23: =A85 -> 2.1.3. Impostos e Seguros | E23: =F91 -> 250 | F23: =IFERROR(E23/$E$30,0) -> 0.020502554 | H23: =SUM(E21:E23,E18,E17) -> 6659.015
A24: =A94 -> 2.1.4. Consumos | E24: =F104 -> 2184 | F24: =IFERROR(E24/$E$30,0) -> 0.17911031
A25: =A106 -> 2.1.5. Manutenção | E25: =F109 -> 1155 | F25: =IFERROR(E25/$E$30,0) -> 0.094721799
A26: =A111 -> 2.1.6. Pneus | E26: =F116 -> 126 | F26: =IFERROR(E26/$E$30,0) -> 0.010333287
A27: =A121 -> 3. Uniformes | E27: =F130 -> 30 | F27: =IFERROR(E27/$E$30,0) -> 0.0024603065
A28: =A133 -> 4. Outros materiais e serviços | E28: =+F142 -> 349.16667 | F28: =IFERROR(E28/$E$30,0) -> 0.028635234
A29: =A147 -> 5. Benefícios e Despesas Indiretas - BDI | E29: =+F153 -> 1720.4212 | F29: =IFERROR(E29/$E$30,0) -> 0.14109211
A30: =A156 -> VALOR MENSAL TOTAL (R$/mês) | E30: =E16+E19+E28+E29 -> 12193.603 | F30: =F16+F19+F28+F29 -> 1
A31: =A161 -> VALOR POR km: | E31: =F161 -> 5.8207632
A33: Quantitativos
A34: Mão-de-obra | E34: Quantidade
A35: =+A44 -> 1.1. Motorista Turno do Dia | E35: =C50 -> 1
A36: Total de mão-de-obra | E36: =SUM(E35:E35) -> 1
A38: Veículos e Equipamentos | E38: Quantidade
A39: =+A63 -> 2.1. Veículo | E39: =C72 -> 1
A41: Fator de utilização (FU) | B41: 1
A43: 1. Mão-de-obra
A44: 1.1. Motorista Turno do Dia
A45: Discriminação | B45: Unidade | C45: Quantidade | D45: Custo unitário | E45: Subtotal | F45: Total (R$) | H45: NÚMERO DE REGISTRO NO MTE: | J45: RS002141/2025
A46: Piso da categoria | B46: mês | C46: 1 | D46: =2441.48 -> 2441.48 | E46: =C46*D46 -> 2441.48 | H46: Função | I46: Valor: reajuste – 5,20% (cinco vírgula vinte por cento)
A47: Soma | E47: =SUM(E46:E46) -> 2441.48 | H47: Motorista de ônibus de turismo | I47: R$ 3.743,54
A48: Encargos Sociais | B48: % | C48: ='2.Encargos Sociais'!C38*100 -> 69.63944 | D48: =E47 -> 2441.48 | E48: =D48*C48/100 -> 1700.233 | H48: Motorista de fretamentos | I48: 3365.78
A49: Total por Motorista | E49: =E47+E48 -> 4141.713 | H49: Motorista para micro-ônibus | I49: R$ 2.693,86
A50: Total do Efetivo | B50: homem | C50: 1 | D50: =E49 -> 4141.713 | E50: =C50*D50 -> 4141.713 | H50: Motorista de camionetas tipo “vans” | I50: R$ 2.441,48
D51: Fator de utilização | E51: =$B$41 -> 1 | F51: =E50 -> 4141.713 | H51: Motorista para automóvel | I51: R$ 2.272,71
A53: 1.2. Vale-alimentação (diário) | H53: Vale Refeição será de R$ 37,00 (trinta e sete reais), concedido a todos os empregados, por dia efetivamente trabalhado, de acordo com a legislação do FAT, autorizado o desconto em folha de pagamento de no máximo 20%.
A54: Discriminação | B54: Unidade | C54: Quantidade | D54: Custo unitário | E54: Subtotal | F54: Total (R$)
A55: =A44 -> 1.1. Motorista Turno do Dia | B55: unidade | C55: 22 | D55: =37*0.8 -> 29.6 | E55: =C55*D55 -> 651.2
F56: =E55 -> 651.2
A59: Custo Mensal com Mão-de-obra (R$/mês) | F59: =+F56+F51 -> 4792.913
A61: 2. Veículos e Equipamentos
A63: 2.1. Veículo
A64: 2.1.1. Depreciação | ADL64: Sprinter 415 | ADM64: Master 2.3 dCi Executive Longo 16L Dies
A65: Discriminação | B65: Unidade | C65: Quantidade | D65: Custo unitário | E65: Subtotal | F65: Total (R$) | H65: 2018 | J65: 2021 | ADL65: 175805 | ADM65: 169734 | ADN65: =AVERAGE(N65:ADM65) -> 172769.5
A66: Custo de aquisição | B66: unidade | C66: 1 | D66: 180000 | E66: =C66*D66 -> 180000 | H66: Ducato Executivo 2.3 16V Diesel | I66: 186852 | J66: 228211 | ADN66: =ADN65*0.9 -> 155492.55
A67: Vida útil | B67: anos | C67: 15 | H67: Sprinter 415 VAN Standard T.A. 2.2 Dies. | I67: 186787 | J67: 272008
A68: Idade do veículo | B68: anos | C68: 7 | H68: Master 2.3 dCi Executive Longo 16L Dies | I68: 190195 | J68: 213149
A69: Depreciação | B69: % | C69: =IFERROR(VLOOKUP(C67,'5. Depreciação'!A3:B32,2,FALSE),0) -> 70.73 | D69: =E66 -> 180000 | E69: =C69*D69/100 -> 127314 | I69: =AVERAGE(I66:I68) -> 187944.67 | J69: =AVERAGE(J66:J68) -> 237789.33
A70: Depreciação mensal veículos | B70: mês | C70: =C67*12 -> 180 | D70: =IF(C68<=C67,E69,0) -> 127314 | E70: =IFERROR(D70/C70,0) -> 707.3 | I70: =I69*0.95 -> 178547.43 | J70: =J69*0.95 -> 225899.87
A71: Total por veículo | E71: =E70 -> 707.3
A72: Total da frota | B72: unidade | C72: 1 | D72: =E71 -> 707.3 | E72: =C72*D72 -> 707.3
D73: Fator de utilização | E73: 1 | F73: =E72*E73 -> 707.3
A75: 2.1.2. Remuneração do Capital
A76: Discriminação | B76: Unidade | C76: Quantidade | D76: Custo unitário | E76: Subtotal | F76: Total (R$)
A77: Custo de aquisição | B77: unidade | C77: 1 | D77: =D66 -> 180000 | E77: =C77*D77 -> 180000
A78: Taxa de juros anual nominal | B78: % | C78: 12
A79: Valor do veículo proposto (V0) | B79: R$ | C79: =IFERROR(IF(C68<=C67,E66-(C69/(100*C67)*C68)*E66,E66-E69),0) -> 120586.8
A80: Investimento médio total do chassis | B80: R$ | C80: =IFERROR(IF(C68>=C67,C79,((((C79)-(E66-E69))*(((C67-C68)+1)/(2*(C67-C68))))+(E66-E69))),0) -> 90880.2
A81: Remuneração mensal de capital do chassis | B81: R$ | D81: =C78*C80/12/100 -> 908.802 | E81: =D81 -> 908.802
A82: Total da frota | B82: unidade | C82: =C72 -> 1 | D82: =D81 -> 908.802 | E82: =C82*D82 -> 908.802
D83: Fator de utilização | E83: 1 | F83: =E82*E83 -> 908.802
A85: 2.1.3. Impostos e Seguros
A86: Discriminação | B86: Unidade | C86: Quantidade | D86: Custo unitário | E86: Subtotal | F86: Total (R$)
A87: IPVA | B87: unidade | C87: 0 | E87: =C87*D87 -> 0
A88: Licenciamento, Seguro obrigatório, Vistoria | B88: unidade | C88: =C72 -> 1 | D88: 500 | E88: =C88*D88 -> 500
A89: Seguro contra terceiros | B89: unidade | C89: =C72 -> 1 | D89: 2500 | E89: =C89*D89 -> 2500
A90: Impostos e seguros mensais | B90: mês | C90: 12 | D90: =SUM(E87:E89) -> 3000 | E90: =D90/C90 -> 250
D91: Fator de utilização | E91: =$B$41 -> 1 | F91: =E90*E91 -> 250
H93: http://receitadados.fazenda.rs.gov.br/paineis/combustiveis/
A94: 2.1.4. Consumos
G95: 375
A96: Quilometragem mensal | B96: =D13*20 -> 2100 | G96: =G95*20 -> 7500
A98: Discriminação | B98: Unidade | C98: Consumo | D98: Custo unitário | E98: Subtotal | F98: Total (R$)
A99: Custo de óleo diesel / km rodado | B99: km/l | C99: 7.5 | D99: 7.2 | G99: 3-5-7
A100: Custo mensal com óleo diesel | B100: km | C100: =B96 -> 2100 | D100: =IFERROR(+D99/C99,"-") -> 0.96 | E100: =IFERROR(C100*D100,"-") -> 2016
A101: Custo de lubrificantes e filtros /1.000 km rodados | B101: l/1.000 km | C101: 2 | D101: 40 | G101: 2-2,5-3
A102: Custo mensal com lubrificantes e filtros | B102: km | C102: =C100 -> 2100 | D102: =+C101*D101/1000 -> 0.08 | E102: =C102*D102 -> 168
A103: Custo com consumos/km rodado | B103: R$/km rodado | D103: =E103/B96 -> 1.04 | E103: =E102+E100 -> 2184 | G103: =F161 -> 5.8207632
F104: =SUM(E99:E102) -> 2184
A106: 2.1.5. Manutenção
A107: Discriminação | B107: Unidade | C107: Quantidade | D107: Custo unitário | E107: Subtotal | F107: Total (R$) | G107: =D66*0.8/(12*C67) -> 800 | H107: =D66*0.7/(B96*10*C67) -> 0.4
A108: Custo de manutenção dos veículos | B108: R$/km rodado | C108: =C100 -> 2100 | D108: 0.55 | E108: =C108*D108 -> 1155 | G108: 20-25-30
F109: =E108 -> 1155
A111: 2.1.6. Pneus
A112: Discriminação | B112: Unidade | C112: Quantidade | D112: Custo unitário | E112: Subtotal | F112: Total (R$)
A113: Custo do jogo de pneus | B113: unidade | C113: 4 | D113: 600 | E113: =C113*D113 -> 2400 | G113: 700-1000-1500
A114: Custo jg. compl. / km rodado | B114: km/jogo | C114: 40000 | D114: =E113 -> 2400 | E114: =IFERROR(D114/C114,"-") -> 0.06
A115: Custo mensal com pneus | B115: km | C115: =B96 -> 2100 | D115: =E114 -> 0.06 | E115: =IFERROR(C115*D115,0) -> 126
F116: =E115 -> 126
A119: Custo Mensal com Veículos e Equipamentos (R$/mês) | F119: =+SUM(F73,F83,F91,F104,F109,F116) -> 5331.102
A121: 3. Uniformes
A123: Discriminação | B123: Unidade | C123: Quantidade | D123: Custo unitário | E123: Subtotal | F123: Total (R$)
A124: Camisa | B124: unidade | C124: 0.33333333 | D124: 50 | E124: =C124*D124 -> 16.666667
A125: Jaqueta | B125: unidade | C125: 0.083333333 | D125: 120 | E125: =C125*D125 -> 10 | G125: 90-120
...

Sheet 1. Transporte escolar micro
A1: Orientações para preenchimento: | M1: 4
A2: 1. Esta planilha é somente um modelo-base, devendo ser adaptada para cada caso concreto.
A3: Qualquer custo previsto no edital e não contemplado nesta planilha deverá ser devidamente incluído.
A5: 2. Preencher somente células em amarelo
A6: 3. As células azuis deverão ter seus valores preenchidos em outra planilha do arquivo.
A11: TRANSPORTE ESCOLAR
A12: Planilha de Composição de Custos
A13: TRECHO: | B13: 21 | C13: KM DIÁRIO: | D13: =VLOOKUP(B13,rotas2!$B$2:$G$38,4,0) -> 127
A14: Orçamento Sintético
A15: Descrição do Item | E15: Custo (R$/mês) | F15: % | H15: 5.82 | I15: 11
A16: =A43 -> 1. Mão-de-obra | E16: =+F59 -> 4792.913 | F16: =IFERROR(E16/$E$30,0) -> 0.36861074 | H16: 6.31 | I16: 34
A17: =A44 -> 1.1. Motorista Turno do Dia | E17: =F51 -> 4141.713 | F17: =IFERROR(E17/$E$30,0) -> 0.3185286 | H17: 4.43 | I17: 19
A18: =A53 -> 1.2. Vale-alimentação (diário) | E18: =F56 -> 651.2 | F18: =IFERROR(E18/$E$30,0) -> 0.050082134 | H18: 5.04 | I18: 23
A19: =A61 -> 2. Veículos e Equipamentos | E19: =+F119 -> 5942.1046 | F19: =IFERROR(E19/$E$30,0) -> 0.45699214 | H19: 6.08 | I19: 21
A20: =A63 -> 2.1. Veículo | E20: =SUM(E21:E26) -> 5942.1046 | F20: =IFERROR(E20/$E$30,0) -> 0.45699214 | H20: 6.82 | I20: 13
A21: =A64 -> 2.1.1. Depreciação | E21: =F73 -> 435.58977 | F21: =IFERROR(E21/$E$30,0) -> 0.0335001 | H21: 4.93 | I21: 4
A22: =A75 -> 2.1.2. Remuneração do Capital | E22: =F83 -> 589.80303 | F22: =IFERROR(E22/$E$30,0) -> 0.045360249 | H22: 7.19 | I22: 25
A23: =A85 -> 2.1.3. Impostos e Seguros | E23: =F91 -> 208.33333 | F23: =IFERROR(E23/$E$30,0) -> 0.016022386
A24: =A94 -> 2.1.4. Consumos | E24: =F104 -> 3067.5385 | F24: =IFERROR(E24/$E$30,0) -> 0.23591657
A25: =A106 -> 2.1.5. Manutenção | E25: =F109 -> 1397 | F25: =IFERROR(E25/$E$30,0) -> 0.10743971
A26: =A111 -> 2.1.6. Pneus | E26: =F116 -> 243.84 | F26: =IFERROR(E26/$E$30,0) -> 0.018753114
A27: =A121 -> 3. Uniformes | E27: =F130 -> 30 | F27: =IFERROR(E27/$E$30,0) -> 0.0023072236
A28: =A133 -> 4. Outros materiais e serviços | E28: =+F142 -> 433.33333 | F28: =IFERROR(E28/$E$30,0) -> 0.033326563
A29: =A147 -> 5. Benefícios e Despesas Indiretas - BDI | E29: =+F153 -> 1834.2899 | F29: =IFERROR(E29/$E$30,0) -> 0.14107056
A30: =A156 -> VALOR MENSAL TOTAL (R$/mês) | E30: =E16+E19+E28+E29 -> 13002.641 | F30: =F16+F19+F28+F29 -> 1
A31: =A161 -> VALOR POR km: | E31: =F161 -> 5.1309609
A33: Quantitativos
A34: Mão-de-obra | E34: Quantidade
A35: =+A44 -> 1.1. Motorista Turno do Dia | E35: =C50 -> 1
A36: Total de mão-de-obra | E36: =SUM(E35:E35) -> 1
A38: Veículos e Equipamentos | E38: Quantidade
A39: =+A63 -> 2.1. Veículo | E39: =C72 -> 1
A41: Fator de utilização (FU) | B41: 1
A43: 1. Mão-de-obra
A44: 1.1. Motorista Turno do Dia
A45: Discriminação | B45: Unidade | C45: Quantidade | D45: Custo unitário | E45: Subtotal | F45: Total (R$)
A46: Piso da categoria | B46: mês | C46: 1 | D46: =2441.48 -> 2441.48 | E46: =C46*D46 -> 2441.48
A47: Soma | E47: =SUM(E46:E46) -> 2441.48
A48: Encargos Sociais | B48: % | C48: ='2.Encargos Sociais'!C38*100 -> 69.63944 | D48: =E47 -> 2441.48 | E48: =D48*C48/100 -> 1700.233
A49: Total por Motorista | E49: =E47+E48 -> 4141.713
A50: Total do Efetivo | B50: homem | C50: 1 | D50: =E49 -> 4141.713 | E50: =C50*D50 -> 4141.713
D51: Fator de utilização | E51: =$B$41 -> 1 | F51: =E50 -> 4141.713
A53: 1.2. Vale-alimentação (diário)
A54: Discriminação | B54: Unidade | C54: Quantidade | D54: Custo unitário | E54: Subtotal | F54: Total (R$)
A55: =A44 -> 1.1. Motorista Turno do Dia | B55: unidade | C55: 22 | D55: =37*0.8 -> 29.6 | E55: =C55*D55 -> 651.2
F56: =E55 -> 651.2
A59: Custo Mensal com Mão-de-obra (R$/mês) | F59: =+F56+F51 -> 4792.913
I60: 2018 | J60: 2016
A61: 2. Veículos e Equipamentos
A63: 2.1. Veículo | H63: VOLARE ESCOLAR W8 | I63: 168881 | J63: 135859
A64: 2.1.1. Depreciação | H64: VOLARE ESCOLAR V8L MÉDIO | J64: 203238
A65: Discriminação | B65: Unidade | C65: Quantidade | D65: Custo unitário | E65: Subtotal | F65: Total (R$) | H65: vw neobus empenho 3118/2019 | I65: 189900
A66: Custo de aquisição | B66: unidade | C66: 1 | D66: 140000 | E66: =C66*D66 -> 140000
A67: Vida útil | B67: anos | C67: 20 | H67: Gran Micro Urbano (diesel)(E5) | I67: 187094 | J67: 162131
A68: Idade do veículo | B68: anos | C68: 12
A69: Depreciação | B69: % | C69: =IFERROR(VLOOKUP(C67,'5. Depreciação'!A3:B32,2,FALSE),0) -> 74.672532 | D69: =E66 -> 140000 | E69: =C69*D69/100 -> 104541.55
A70: Depreciação mensal veículos | B70: mês | C70: =C67*12 -> 240 | D70: =IF(C68<=C67,E69,0) -> 104541.55 | E70: =IFERROR(D70/C70,0) -> 435.58977 | I70: =AVERAGE(I63:I67) -> 181958.33 | J70: =AVERAGE(J63:J67) -> 167076
A71: Total por veículo | E71: =E70 -> 435.58977 | I71: =I70*0.95 -> 172860.42 | J71: =J70*0.95 -> 158722.2
A72: Total da frota | B72: unidade | C72: 1 | D72: =E71 -> 435.58977 | E72: =C72*D72 -> 435.58977
D73: Fator de utilização | E73: 1 | F73: =E72*E73 -> 435.58977
A75: 2.1.2. Remuneração do Capital
A76: Discriminação | B76: Unidade | C76: Quantidade | D76: Custo unitário | E76: Subtotal | F76: Total (R$)
A77: Custo de aquisição | B77: unidade | C77: 1 | D77: =D66 -> 140000 | E77: =C77*D77 -> 140000
A78: Taxa de juros anual nominal | B78: % | C78: 12
A79: Valor do veículo proposto (V0) | B79: R$ | C79: =IFERROR(IF(C68<=C67,E66-(C69/(100*C67)*C68)*E66,E66-E69),0) -> 77275.073
A80: Investimento médio total do chassis | B80: R$ | C80: =IFERROR(IF(C68>=C67,C79,((((C79)-(E66-E69))*(((C67-C68)+1)/(2*(C67-C68))))+(E66-E69))),0) -> 58980.303
A81: Remuneração mensal de capital do chassis | B81: R$ | D81: =C78*C80/12/100 -> 589.80303 | E81: =D81 -> 589.80303
A82: Total da frota | B82: unidade | C82: =C72 -> 1 | D82: =D81 -> 589.80303 | E82: =C82*D82 -> 589.80303
D83: Fator de utilização | E83: 1 | F83: =E82*E83 -> 589.80303
A85: 2.1.3. Impostos e Seguros
A86: Discriminação | B86: Unidade | C86: Quantidade | D86: Custo unitário | E86: Subtotal | F86: Total (R$)
A87: IPVA | B87: unidade | C87: 0 | E87: =C87*D87 -> 0
A88: Licenciamento, Seguro obrigatório, Vistoria | B88: unidade | C88: =C72 -> 1 | D88: 500 | E88: =C88*D88 -> 500
A89: Seguro contra terceiros | B89: unidade | C89: =C72 -> 1 | D89: 2000 | E89: =C89*D89 -> 2000
A90: Impostos e seguros mensais | B90: mês | C90: 12 | D90: =SUM(E87:E89) -> 2500 | E90: =D90/C90 -> 208.33333
D91: Fator de utilização | E91: =$B$41 -> 1 | F91: =E90*E91 -> 208.33333
H93: http://receitadados.fazenda.rs.gov.br/paineis/combustiveis/
A94: 2.1.4. Consumos
G95: 375
A96: Quilometragem mensal | B96: =D13*20 -> 2540 | G96: =G95*20 -> 7500
A98: Discriminação | B98: Unidade | C98: Consumo | D98: Custo unitário | E98: Subtotal | F98: Total (R$)
A99: Custo de óleo diesel / km rodado | B99: km/l | C99: 6.5 | D99: 7.2 | G99: 3-5-7
A100: Custo mensal com óleo diesel | B100: km | C100: =B96 -> 2540 | D100: =IFERROR(+D99/C99,"-") -> 1.1076923 | E100: =IFERROR(C100*D100,"-") -> 2813.5385
A101: Custo de lubrificantes e filtros /1.000 km rodados | B101: l/1.000 km | C101: 2.5 | D101: 40 | G101: 2-2,5-3
A102: Custo mensal com lubrificantes e filtros | B102: km | C102: =C100 -> 2540 | D102: =+C101*D101/1000 -> 0.1 | E102: =C102*D102 -> 254
A103: Custo com consumos/km rodado | B103: R$/km rodado | D103: =E103/B96 -> 1.2076923 | E103: =E102+E100 -> 3067.5385 | G103: =F161 -> 5.1309609
F104: =SUM(E99:E102) -> 3067.5385
A106: 2.1.5. Manutenção
A107: Discriminação | B107: Unidade | C107: Quantidade | D107: Custo unitário | E107: Subtotal | F107: Total (R$) | G107: =D66*0.8/(12*C67) -> 466.66667 | H107: =D66*0.7/(B96*10*C67) -> 0.19291339
A108: Custo de manutenção dos veículos | B108: R$/km rodado | C108: =C100 -> 2540 | D108: 0.55 | E108: =C108*D108 -> 1397 | G108: 20-25-30
F109: =E108 -> 1397
A111: 2.1.6. Pneus
A112: Discriminação | B112: Unidade | C112: Quantidade | D112: Custo unitário | E112: Subtotal | F112: Total (R$)
A113: Custo do jogo de pneus | B113: unidade | C113: 6 | D113: 800 | E113: =C113*D113 -> 4800 | G113: 700-1000-1500
A114: Custo jg. compl. / km rodado | B114: km/jogo | C114: 50000 | D114: =E113 -> 4800 | E114: =IFERROR(D114/C114,"-") -> 0.096
A115: Custo mensal com pneus | B115: km | C115: =B96 -> 2540 | D115: =E114 -> 0.096 | E115: =IFERROR(C115*D115,0) -> 243.84
F116: =E115 -> 243.84
A119: Custo Mensal com Veículos e Equipamentos (R$/mês) | F119: =+SUM(F73,F83,F91,F104,F109,F116) -> 5942.1046
A121: 3. Uniformes
A123: Discriminação | B123: Unidade | C123: Quantidade | D123: Custo unitário | E123: Subtotal | F123: Total (R$)
...

Sheet 1. Transporte escolar onibus
A1: Orientações para preenchimento: | M1: 4
A2: 1. Esta planilha é somente um modelo-base, devendo ser adaptada para cada caso concreto.
A3: Qualquer custo previsto no edital e não contemplado nesta planilha deverá ser devidamente incluído.
A5: 2. Preencher somente células em amarelo
A6: 3. As células azuis deverão ter seus valores preenchidos em outra planilha do arquivo.
A11: TRANSPORTE ESCOLAR
A12: Planilha de Composição de Custos
A13: TRECHO: | B13: 14 | C13: KM DIÁRIO: | D13: =VLOOKUP(B13,rotas2!$B$2:$G$38,4,0) -> 79
A14: Orçamento Sintético
A15: Descrição do Item | E15: Custo (R$/mês) | F15: %
A16: =A43 -> 1. Mão-de-obra | E16: =+F59 -> 6360.8903 | F16: =IFERROR(E16/$E$30,0) -> 0.41922303
A17: =A44 -> 1.1. Motorista Turno do Dia | E17: =F51 -> 5709.6903 | F17: =IFERROR(E17/$E$30,0) -> 0.37630482
A18: =A53 -> 1.2. Vale-alimentação (diário) | E18: =F56 -> 651.2 | F18: =IFERROR(E18/$E$30,0) -> 0.042918212
A19: =A61 -> 2. Veículos e Equipamentos | E19: =+F119 -> 6234.8902 | F19: =IFERROR(E19/$E$30,0) -> 0.41091883
A20: =A63 -> 2.1. Veículo | E20: =SUM(E21:E26) -> 6234.8902 | F20: =IFERROR(E20/$E$30,0) -> 0.41091883
A21: =A64 -> 2.1.1. Depreciação | E21: =F73 -> 591.15755 | F21: =IFERROR(E21/$E$30,0) -> 0.038961033
A22: =A75 -> 2.1.2. Remuneração do Capital | E22: =F83 -> 800.44696 | F22: =IFERROR(E22/$E$30,0) -> 0.052754534
A23: =A85 -> 2.1.3. Impostos e Seguros | E23: =F91 -> 250 | F23: =IFERROR(E23/$E$30,0) -> 0.016476586
A24: =A94 -> 2.1.4. Consumos | E24: =F104 -> 3439.8857 | F24: =IFERROR(E24/$E$30,0) -> 0.22671029
A25: =A106 -> 2.1.5. Manutenção | E25: =F109 -> 869 | F25: =IFERROR(E25/$E$30,0) -> 0.057272614
A26: =A111 -> 2.1.6. Pneus | E26: =F116 -> 284.4 | F26: =IFERROR(E26/$E$30,0) -> 0.018743765
A27: =A121 -> 3. Uniformes | E27: =F130 -> 30 | F27: =IFERROR(E27/$E$30,0) -> 0.0019771904
A28: =A133 -> 4. Outros materiais e serviços | E28: =+F142 -> 437.5 | F28: =IFERROR(E28/$E$30,0) -> 0.028834026
A29: =A147 -> 5. Benefícios e Despesas Indiretas - BDI | E29: =+F153 -> 2139.7654 | F29: =IFERROR(E29/$E$30,0) -> 0.14102411
A30: =A156 -> VALOR MENSAL TOTAL (R$/mês) | E30: =E16+E19+E28+E29 -> 15173.046 | F30: =F16+F19+F28+F29 -> 1
A31: =A161 -> VALOR POR km: | E31: =F161 -> 9.622181
A33: Quantitativos
A34: Mão-de-obra | E34: Quantidade
A35: =+A44 -> 1.1. Motorista Turno do Dia | E35: =C50 -> 1
A36: Total de mão-de-obra | E36: =SUM(E35:E35) -> 1
A38: Veículos e Equipamentos | E38: Quantidade
A39: =+A63 -> 2.1. Veículo | E39: =C72 -> 1
A41: Fator de utilização (FU) | B41: 1
A43: 1. Mão-de-obra
A44: 1.1. Motorista Turno do Dia
A45: Discriminação | B45: Unidade | C45: Quantidade | D45: Custo unitário | E45: Subtotal | F45: Total (R$)
A46: Piso da categoria | B46: mês | C46: 1 | D46: 3365.78 | E46: =C46*D46 -> 3365.78 | H46: 2441.48
A47: Soma | E47: =SUM(E46:E46) -> 3365.78
A48: Encargos Sociais | B48: % | C48: ='2.Encargos Sociais'!C38*100 -> 69.63944 | D48: =E47 -> 3365.78 | E48: =D48*C48/100 -> 2343.9103
A49: Total por Motorista | E49: =E47+E48 -> 5709.6903
A50: Total do Efetivo | B50: homem | C50: 1 | D50: =E49 -> 5709.6903 | E50: =C50*D50 -> 5709.6903
D51: Fator de utilização | E51: =$B$41 -> 1 | F51: =E50 -> 5709.6903
A53: 1.2. Vale-alimentação (diário)
A54: Discriminação | B54: Unidade | C54: Quantidade | D54: Custo unitário | E54: Subtotal | F54: Total (R$)
A55: =A44 -> 1.1. Motorista Turno do Dia | B55: unidade | C55: 22 | D55: =37*0.8 -> 29.6 | E55: =C55*D55 -> 651.2
F56: =E55 -> 651.2
A59: Custo Mensal com Mão-de-obra (R$/mês) | F59: =+F56+F51 -> 6360.8903
A61: 2. Veículos e Equipamentos
A63: 2.1. Veículo | H63: 2016
A64: 2.1.1. Depreciação
A65: Discriminação | B65: Unidade | C65: Quantidade | D65: Custo unitário | E65: Subtotal | F65: Total (R$) | H65: Marcopolo Torino 2016 Mercedes 1721 | I65: 330000
A66: Custo de aquisição | B66: unidade | C66: 1 | D66: 190000 | E66: =C66*D66 -> 190000 | H66: Ônibus Urbano Ar Condicionado Caio M.benz Of1721 | I66: 280000
A67: Vida útil | B67: anos | C67: 20 | H67: Caio Apache VW17.230 | I67: 360000
A68: Idade do veículo | B68: anos | C68: 12 | I68: =AVERAGE(I65:I67) -> 323333.33
A69: Depreciação | B69: % | C69: =IFERROR(VLOOKUP(C67,'5. Depreciação'!A3:B32,2,FALSE),0) -> 74.672532 | D69: =E66 -> 190000 | E69: =C69*D69/100 -> 141877.81 | I69: =I68*0.9 -> 291000
A70: Depreciação mensal veículos | B70: mês | C70: =C67*12 -> 240 | D70: =IF(C68<=C67,E69,0) -> 141877.81 | E70: =IFERROR(D70/C70,0) -> 591.15755
A71: Total por veículo | E71: =E70 -> 591.15755
A72: Total da frota | B72: unidade | C72: 1 | D72: =E71 -> 591.15755 | E72: =C72*D72 -> 591.15755
D73: Fator de utilização | E73: =$B$41 -> 1 | F73: =E72*E73 -> 591.15755
A75: 2.1.2. Remuneração do Capital
A76: Discriminação | B76: Unidade | C76: Quantidade | D76: Custo unitário | E76: Subtotal | F76: Total (R$)
A77: Custo de aquisição | B77: unidade | C77: 1 | D77: =D66 -> 190000 | E77: =C77*D77 -> 190000
A78: Taxa de juros anual nominal | B78: % | C78: 12 | G78: 15 | H78: =G78*0.8 -> 12
A79: Valor do veículo proposto (V0) | B79: R$ | C79: =IFERROR(IF(C68<=C67,E66-(C69/(100*C67)*C68)*E66,E66-E69),0) -> 104873.31
A80: Investimento médio total do chassis | B80: R$ | C80: =IFERROR(IF(C68>=C67,C79,((((C79)-(E66-E69))*(((C67-C68)+1)/(2*(C67-C68))))+(E66-E69))),0) -> 80044.696
A81: Remuneração mensal de capital do chassis | B81: R$ | D81: =C78*C80/12/100 -> 800.44696 | E81: =D81 -> 800.44696
A82: Total da frota | B82: unidade | C82: =C72 -> 1 | D82: =D81 -> 800.44696 | E82: =C82*D82 -> 800.44696
D83: Fator de utilização | E83: =$B$41 -> 1 | F83: =E82*E83 -> 800.44696
A85: 2.1.3. Impostos e Seguros
A86: Discriminação | B86: Unidade | C86: Quantidade | D86: Custo unitário | E86: Subtotal | F86: Total (R$)
A87: IPVA | B87: unidade | C87: 0 | E87: =C87*D87 -> 0
A88: Licenciamento, Seguro obrigatório, Vistoria | B88: unidade | C88: =C72 -> 1 | D88: 500 | E88: =C88*D88 -> 500
A89: Seguro contra terceiros | B89: unidade | C89: =C72 -> 1 | D89: 2500 | E89: =C89*D89 -> 2500
A90: Impostos e seguros mensais | B90: mês | C90: 12 | D90: =SUM(E87:E89) -> 3000 | E90: =D90/C90 -> 250
D91: Fator de utilização | E91: =$B$41 -> 1 | F91: =E90*E91 -> 250
H93: http://receitadados.fazenda.rs.gov.br/paineis/combustiveis/
A94: 2.1.4. Consumos
G95: 375
A96: Quilometragem mensal | B96: =D13*20 -> 1580 | G96: =G95*20 -> 7500
A98: Discriminação | B98: Unidade | C98: Consumo | D98: Custo unitário | E98: Subtotal | F98: Total (R$)
A99: Custo de óleo diesel / km rodado | B99: km/l | C99: 3.5 | D99: 7.2 | G99: 3-5-7
A100: Custo mensal com óleo diesel | B100: km | C100: =B96 -> 1580 | D100: =IFERROR(+D99/C99,"-") -> 2.0571429 | E100: =IFERROR(C100*D100,"-") -> 3250.2857
A101: Custo de lubrificantes e filtros /1.000 km rodados | B101: l/1.000 km | C101: 3 | D101: 40 | G101: 2-2,5-3
A102: Custo mensal com lubrificantes e filtros | B102: km | C102: =C100 -> 1580 | D102: =+C101*D101/1000 -> 0.12 | E102: =C102*D102 -> 189.6
A103: Custo com consumos/km rodado | B103: R$/km rodado | D103: =E103/B96 -> 2.1771429 | E103: =E102+E100 -> 3439.8857 | G103: =F161 -> 9.622181
F104: =SUM(E99:E102) -> 3439.8857
A106: 2.1.5. Manutenção
A107: Discriminação | B107: Unidade | C107: Quantidade | D107: Custo unitário | E107: Subtotal | F107: Total (R$) | G107: =D66*0.8/(12*C67) -> 633.33333 | H107: =D66*0.7/(B96*10*C67) -> 0.42088608
A108: Custo de manutenção dos veículos | B108: R$/km rodado | C108: =C100 -> 1580 | D108: 0.55 | E108: =C108*D108 -> 869 | G108: 20-25-30 | H108: =1/D13*90 -> 1.1392405
F109: =E108 -> 869
A111: 2.1.6. Pneus
A112: Discriminação | B112: Unidade | C112: Quantidade | D112: Custo unitário | E112: Subtotal | F112: Total (R$)
A113: Custo do jogo de pneus | B113: unidade | C113: 6 | D113: 1500 | E113: =C113*D113 -> 9000 | G113: 700-1000-1500
A114: Custo jg. compl. / km rodado | B114: km/jogo | C114: 50000 | D114: =E113 -> 9000 | E114: =IFERROR(D114/C114,"-") -> 0.18
A115: Custo mensal com pneus | B115: km | C115: =B96 -> 1580 | D115: =E114 -> 0.18 | E115: =IFERROR(C115*D115,0) -> 284.4
F116: =E115 -> 284.4
I117: 190 | J117: =70/I117 -> 0.36842105
I118: 200 | J118: =70/I118 -> 0.35
A119: Custo Mensal com Veículos e Equipamentos (R$/mês) | F119: =+SUM(F73,F83,F91,F104,F109,F116) -> 6234.8902
A121: 3. Uniformes
...

Sheet rotas

Sheet rotas2
A1: ITEM | B1: ROTA | C1: VEÍCULO | D1: ROTEIRO | E1: KM DIA | F1: PREÇO UNIT. POR KM | G1: VALOR TOTAL | H1: valor km antigo | I1: km | J1: total | K1: diferença | O1: empresa atual
A2: 37 | B2: 1 | C2: VAN , Mínimo 16 lugares, Porta automática, Ar condicionado | D2: ROTA 01, Saindo da sede da Prefeitura., Interior para EMEF Alfredo Brenner e escolas da cidade., | E2: 193 | F2: 4.0423 | G2: =F2*E2*20 -> 15603.278 | H2: 5.45 | I2: 195.25 | J2: =I2*H2*20 -> 21282.25 | K2: =F2-H2 -> -1.4077 | M2: 1 | N2: =F2/H2 -> 0.74170642 | O2: HOPPEN E FALCADE LTDA - ME | P2: 4.1036417 | Q2: 4.1088744 | R2: 4.2640546 | S2: 5.45 | T2: 4.0423 | V2: 4.7318811 | W2: 5.7 | X2: 11 | Y2: 1 | Z2: HOPPEN E FALCADE LTDA - ME | AA2: 195.25 | AB2: 5.45 | AC2: =AB2-H2 -> 0 | AD2: =AA2-I2 -> 0
A3: 36 | B3: 2 | C3: VAN , Mínimo 16 lugares, Porta automática, Ar condicionado | D3: ROTA 02, Saindo da sede da Prefeitura., Interior para interior, (EMEF Rincão Seco). | E3: 149 | F3: 4.6689397 | G3: =F3*E3*20 -> 13913.44 | H3: 4.62 | I3: 142 | J3: =I3*H3*20 -> 13120.8 | K3: =F3-H3 -> 0.048939739 | L3: 180 | M3: 2 | N3: =F3/H3 -> 1.010593 | O3: ANDREIA LETICIA PROCHNOW HOPPE LTDA | P3: 4.8183816 | Q3: 4.8450529 | R3: 4.5603184 | S3: 4.62 | T3: 4.6689397 | V3: 7.0490181 | W3: 6.18 | X3: 34 | Y3: 2 | Z3: ANDREIA LETICIA PROCHNOW HOPPE LTDA | AA3: 142 | AB3: 4.62 | AC3: =AB3-H3 -> 0 | AD3: =AA3-I3 -> 0
A4: 35 | B4: 3 | C4: VAN , Mínimo 16 lugares, Porta automática, Ar condicionado | D4: TRECHO 03:, Saindo da sede da Prefeitura., Interior para escolas da cidade, | E4: 128 | F4: 5.1198934 | G4: =F4*E4*20 -> 13106.927 | H4: 4.76 | I4: 125 | J4: =I4*H4*20 -> 11900 | K4: =F4-H4 -> 0.35989337 | M4: 3 | N4: =F4/H4 -> 1.0756079 | O4: AIRTO SCAPINI E CIA LTDA | P4: 5.2031499 | Q4: 5.2413624 | R4: 5.011272 | S4: 4.76 | T4: 5.1198934 | V4: 5.4384286 | W4: 4.98 | X4: 19 | Y4: 3 | Z4: AIRTO SCAPINI E CIA LTDA | AA4: 125 | AB4: 4.76 | AC4: =AB4-H4 -> 0 | AD4: =AA4-I4 -> 0
A5: 34 | B5: 4 | C5: MICRO ÔNIBUS, Mínimo 22 lugares, Porta automática, Ar condicionado | D5: TRECHO 04:, Saindo da sede da Prefeitura., Interior para escolas da cidade, | E5: 136 | F5: 4.93 | G5: =F5*E5*20 -> 13409.6 | H5: 4.38 | I5: 152 | J5: =I5*H5*20 -> 13315.2 | K5: =F5-H5 -> 0.55 | M5: 4 | N5: =F5/H5 -> 1.1255708 | O5: TRANSPORTES VIATUR LTDA - EPP | P5: 4.6322514 | Q5: 4.6533398 | R5: 4.8230589 | S5: 4.38 | T5: 4.9316802 | V5: 6.0017503 | W5: 5.34 | X5: 23 | Y5: 4 | Z5: TRANSPORTES VIATUR LTDA - EPP | AA5: 152 | AB5: 4.38 | AC5: =AB5-H5 -> 0 | AD5: =AA5-I5 -> 0
A6: 33 | B6: 5 | C6: VAN , Mínimo 16 lugares, Porta automática, Ar condicionado | D6: TRECHO 05:, Saindo da sede da Prefeitura., Interior para escolas da cidade., | E6: 129 | F6: 5.0950901 | G6: =F6*E6*20 -> 13145.332 | H6: 5.17 | I6: 151 | J6: =I6*H6*20 -> 15613.4 | K6: =F6-H6 -> -0.074909913 | M6: 5 | N6: =F6/H6 -> 0.98551066 | O6: AIRTO SCAPINI E CIA LTDA | P6: 4.9650797 | Q6: 4.9961513 | R6: 5.4683611 | S6: 5.17 | T6: 5.0950901 | V6: 9.5483491 | W6: 4.88 | X6: 21 | Y6: 5 | Z6: AIRTO SCAPINI E CIA LTDA | AA6: 151 | AB6: 5.17 | AC6: =AB6-H6 -> 0 | AD6: =AA6-I6 -> 0
A7: 32 | B7: 6 | C7: VAN , Mínimo 16 lugares, Porta automática, Ar condicionado | D7: TRECHO 06:, Saindo da sede da Prefeitura., Interior para escolas da cidade., | E7: 105 | F7: 5.8207632 | G7: =F7*E7*20 -> 12223.603 | H7: 4.5 | I7: 142 | J7: =I7*H7*20 -> 12780 | K7: =F7-H7 -> 1.3207632 | M7: 6 | N7: =F7/H7 -> 1.2935029 | O7: AIRTO SCAPINI E CIA LTDA | P7: 4.8183816 | Q7: 4.8450529 | R7: 5.7121419 | S7: 4.5 | T7: 5.8207632 | V7: 4.636399 | W7: 7.59 | X7: 13 | Y7: 6 | Z7: AIRTO SCAPINI E CIA LTDA | AA7: 142 | AB7: 4.5 | AC7: =AB7-H7 -> 0 | AD7: =AA7-I7 -> 0
A8: 31 | B8: 7 | C8: VAN , Mínimo 16 lugares, Porta automática, Ar condicionado | D8: TRECHO 07:, Saindo da sede da Prefeitura., Interior para escola do interior (EMEF Alfredo Brenner)., | E8: 148 | F8: 4.6875118 | G8: =F8*E8*20 -> 13875.035 | H8: 5.45 | I8: 175 | J8: =I8*H8*20 -> 19075 | K8: =F8-H8 -> -0.76248817 | M8: 7 | N8: =F8/H8 -> 0.86009391 | O8: AIRTO SCAPINI E CIA LTDA | P8: 4.4538861 | Q8: 4.4696245 | R8: 4.5788905 | S8: 5.45 | T8: 4.6875118 | V8: 4.716266 | W8: 4.81 | X8: 4 | Y8: 7 | Z8: AIRTO SCAPINI E CIA LTDA | AA8: 175 | AB8: 5.45 | AC8: =AB8-H8 -> 0 | AD8: =AA8-I8 -> 0
A9: 30 | B9: 8 | C9: VAN , Mínimo 16 lugares, Porta automática, Ar condicionado | D9: TRECHO 08:, Saindo da sede da Prefeitura., Interior para escolas da cidade., | E9: 155 | F9: 4.5625396 | G9: =F9*E9*20 -> 14143.873 | H9: 5.17 | I9: 155 | J9: =I9*H9*20 -> 16027 | K9: =F9-H9 -> -0.60746038 | M9: 8 | N9: =F9/H9 -> 0.88250283 | O9: PORTELLA TRANSPORTES LTDA | P9: 4.5644809 | Q9: 4.5835365 | R9: 4.4508534 | S9: 5.17 | T9: 4.5625396 | V9: 5.8585934 | W9: 7.07 | X9: 25 | Y9: 8 | Z9: PORTELLA TRANSPORTES LTDA | AA9: 155 | AB9: 5.17 | AC9: =AB9-H9 -> 0 | AD9: =AA9-I9 -> 0
A10: 29 | B10: 9 | C10: VAN , Mínimo 16 lugares, Porta automática, Ar condicionado | D10: TRECHO 09:, Saindo da sede da Prefeitura., Interior para escolas da cidade, | E10: 142 | F10: 4.8044375 | G10: =F10*E10*20 -> 13644.603 | H10: 4.66 | I10: 130 | J10: =I10*H10*20 -> 12116 | K10: =F10-H10 -> 0.14443754 | L10: 142.83 | M10: 9 | N10: =F10/H10 -> 1.0309952 | O10: LUIS ALFREDO MENDES FERREIRA LTDA | P10: 4.8183816 | Q10: 4.8450529 | R10: 5.4360008 | S10: 4.66 | T10: 4.8044375 | V10: 5.1244517 | W10: 7.48 | X10: 14 | Y10: 9 | Z10: LUIS ALFREDO MENDES FERREIRA LTDA | AA10: 130 | AB10: 4.66 | AC10: =AB10-H10 -> 0 | AD10: =AA10-I10 -> 0
A11: 28 | B11: 10 | C11: VAN , Mínimo 16 lugares, Porta automática, Ar condicionado | D11: TRECHO 10:, Saindo da sede da Prefeitura., Interior para escola do interior (EMEF Rincão Seco)., | E11: 191 | F11: 4.0645202 | G11: =F11*E11*20 -> 15526.467 | H11: 4.29 | I11: 166.4 | J11: =I11*H11*20 -> 14277.12 | K11: =F11-H11 -> -0.22547978 | M11: 10 | N11: =F11/H11 -> 0.94744061 | O11: LAÉRCIO RUPPENTHAL - ME | P11: 4.4240112 | Q11: 4.4388534 | R11: 3.9558989 | S11: 4.29 | T11: 4.0645202 | V11: 5.3210584 | Y11: 10 | Z11: LAÉRCIO RUPPENTHAL - ME | AA11: 166.4 | AB11: 4.29 | AC11: =AB11-H11 -> 0 | AD11: =AA11-I11 -> 0
A12: 27 | B12: 11 | C12: MICRO ÔNIBUS Mínimo 22 lugares, Porta Automática, Ar condicionado, | D12: TRECHO 11:, Saindo da sede da Prefeitura., Interior para escolas da cidade., | E12: 103 | F12: 5.82 | G12: =F12*E12*20 -> 11989.2 | H12: 4.29 | I12: 148 | J12: =I12*H12*20 -> 12698.4 | K12: =F12-H12 -> 1.53 | M12: 11 | N12: =F12/H12 -> 1.3566434 | O12: TRANSQUINZE COMÉRCIO E TRANSPORTES LTDA | P12: 4.7036851 | Q12: 4.7269162 | R12: 5.7878796 | S12: 4.29 | T12: 5.896501 | V12: 5.2112893 | Y12: 11 | Z12: TRANSQUINZE COMÉRCIO E TRANSPORTES LTDA | AA12: 148 | AB12: 4.29 | AC12: =AB12-H12 -> 0 | AD12: =AA12-I12 -> 0
A13: 26 | B13: 12 | C13: VAN , Mínimo 16 lugares, Porta automática, Ar condicionado | D13: TRECHO 12:, Saindo da sede da Prefeitura., Interior para escolas da cidade., | E13: 105 | F13: 5.8207632 | G13: =F13*E13*20 -> 12223.603 | H13: 5.19 | I13: 115 | J13: =I13*H13*20 -> 11937 | K13: =F13-H13 -> 0.63076325 | M13: 12 | N13: =F13/H13 -> 1.1215343 | O13: AIRTO SCAPINI E CIA LTDA | P13: 5.4826236 | Q13: 5.5292189 | R13: 5.7121419 | S13: 5.19 | T13: 5.8207632 | V13: 4.7885659 | Y13: 12 | Z13: AIRTO SCAPINI E CIA LTDA | AA13: 115 | AB13: 5.19 | AC13: =AB13-H13 -> 0 | AD13: =AA13-I13 -> 0
A14: 25 | B14: 13 | C14: MICRO ÔNIBUS, Mínimo 22 lugares, Porta automática, Ar condicionado | D14: TRECHO 13:, Saindo da sede da Prefeitura., Cidade para interior (EMEF Rincão Seco)., | E14: 81 | F14: 6.82 | G14: =F14*E14*20 -> 11048.4 | K14: =F14-H14 -> 6.82 | N14: =F14/H14 -> #DIV/0! | P14: 5.85212 | Q14: 5.9097984 | R14: 7.8344691 | S14: 4.5 | T14: 6.976465 | V14: 6.0345763 | AC14: =AB14-H14 -> 0 | AD14: =AA14-I14 -> 0
A15: 24 | B15: 14 | C15: ÔNIBUS, Mínimo 42 lugares, Porta automática, Ar condicionado | D15: TRECHO 14:, Saindo da sede da Prefeitura., Interior para escolas da cidade., | E15: 79 | F15: 9.62 | G15: =F15*E15*20 -> 15199.6 | H15: 4.99 | I15: 112 | J15: =I15*H15*20 -> 11177.6 | K15: =F15-H15 -> 4.63 | M15: 14 | N15: =F15/H15 -> 1.9278557 | O15: TRANSQUINZE COMÉRCIO E TRANSPORTES LTDA | P15: 5.5761973 | Q15: 5.6255994 | R15: 6.9958486 | S15: 4.99 | T15: 7.1044699 | V15: 4.4828109 | Y15: 14 | Z15: TRANSQUINZE COMÉRCIO E TRANSPORTES LTDA | AA15: 112 | AB15: 4.99 | AC15: =AB15-H15 -> 0 | AD15: =AA15-I15 -> 0
A16: 23 | B16: 15 | C16: VAN , Mínimo 16 lugares, Porta automática, Ar condicionado | D16: TRECHO 15:, Saindo da sede da Prefeitura., Interior para escolas da cidade., | E16: 130 | F16: 5.0706684 | G16: =F16*E16*20 -> 13183.738 | H16: 3.86 | I16: 164 | J16: =I16*H16*20 -> 12660.8 | K16: =F16-H16 -> 1.2106684 | M16: 15 | N16: =F16/H16 -> 1.3136447 | O16: TRANSQUINZE COMÉRCIO E TRANSPORTES LTDA | P16: 4.4388576 | Q16: 4.4541451 | R16: 4.9620471 | S16: 3.86 | T16: 5.0706684 | V16: 5.2243696 | Y16: 15 | Z16: TRANSQUINZE COMÉRCIO E TRANSPORTES LTDA | AA16: 164 | AB16: 3.86 | AC16: =AB16-H16 -> 0 | AD16: =AA16-I16 -> 0
A17: 22 | B17: 16 | C17: VAN , Mínimo 16 lugares, Porta automática, Ar condicionado | D17: TRECHO 16:, Saindo da sede da Prefeitura., Interior para escolas da cidade., | E17: 114 | F17: 5.5128296 | G17: =F17*E17*20 -> 12569.251 | H17: 4.29 | I17: 130 | J17: =I17*H17*20 -> 11154 | K17: =F17-H17 -> 1.2228296 | M17: 17 | N17: =F17/H17 -> 1.2850419 | O17: TRANSQUINZE COMÉRCIO E TRANSPORTES LTDA | P17: 5.0795365 | Q17: 5.1140413 | R17: 5.4042082 | S17: 4.29 | T17: 5.5128296 | V17: 5.0350698 | Y17: 17 | Z17: TRANSQUINZE COMÉRCIO E TRANSPORTES LTDA | AA17: 130 | AB17: 4.29 | AC17: =AB17-H17 -> 0 | AD17: =AA17-I17 -> 0
A18: 21 | B18: 17 | C18: VAN , Mínimo 16 lugares, Porta automática, Ar condicionado | D18: TRECHO 17:, Saindo da sede da Prefeitura., Interior para escola do interior ( EMEF Rincão Seco)., | E18: 102 | F18: 5.9354836 | G18: =F18*E18*20 -> 12108.387 | H18: 4.11 | I18: 112 | J18: =I18*H18*20 -> 9206.4 | K18: =F18-H18 -> 1.8254836 | M18: 18 | N18: =F18/H18 -> 1.4441566 | O18: ANDREIA LETICIA PROCHNOW HOPPE LTDA | P18: 5.1034926 | Q18: 5.1387159 | R18: 8.0169788 | S18: 4.11 | T18: 5.9354836 | V18: 5.6348043 | Y18: 18 | Z18: ANDREIA LETICIA PROCHNOW HOPPE LTDA | AA18: 112 | AB18: 4.11 | AC18: =AB18-H18 -> 0 | AD18: =AA18-I18 -> 0
A19: 20 | B19: 18 | C19: VAN , Mínimo 16 lugares, Porta automática, Ar condicionado | D19: TRECHO 18:, Saindo da sede da Prefeitura., Interior para escolas da cidade., | E19: 165 | F19: 4.4024021 | G19: =F19*E19*20 -> 14527.927 | H19: 4.4 | I19: 129.7 | J19: =I19*H19*20 -> 11413.6 | K19: =F19-H19 -> 0.0024020677 | M19: 19 | N19: =F19/H19 -> 1.0005459 | O19: ANDREIA LETICIA PROCHNOW HOPPE LTDA | P19: 5.1034926 | Q19: 5.1387159 | R19: 5.4042082 | S19: 4.4 | T19: 4.4024021 | V19: 5.7156368 | Y19: 19 | Z19: ANDREIA LETICIA PROCHNOW HOPPE LTDA | AA19: 129.7 | AB19: 4.4 | AC19: =AB19-H19 -> 0 | AD19: =AA19-I19 -> 0
A20: 19 | B20: 19 | C20: MICRO ÔNIBUS, Mínimo 19 lugares, Porta automática, Ar condicionado | D20: TRECHO 19:, Saindo da sede da Prefeitura., Interior para escolas da cidade., | E20: 166 | F20: 4.43 | G20: =F20*E20*20 -> 14707.6 | H20: 4.55 | I20: 173 | J20: =I20*H20*20 -> 15743 | K20: =F20-H20 -> -0.12 | M20: 20 | N20: =F20/H20 -> 0.97362637 | O20: AIRTO SCAPINI E CIA LTDA | P20: 4.3114189 | Q20: 4.3228839 | R20: 5.0080257 | S20: 4.55 | T20: 4.3874495 | V20: 4.9633293 | Y20: 20 | Z20: AIRTO SCAPINI E CIA LTDA | AA20: 173 | AB20: 4.55 | AC20: =AB20-H20 -> 0 | AD20: =AA20-I20 -> 0
A21: 18 | B21: 20 | C21: VAN , Mínimo 16 lugares, Porta automática, Ar condicionado | D21: TRECHO 20:, Saindo da sede da Prefeitura., Interior para escolas da cidade., | E21: 121 | F21: 5.3049955 | G21: =F21*E21*20 -> 12838.089 | H21: 4.52 | I21: 124 | J21: =I21*H21*20 -> 11209.6 | K21: =F21-H21 -> 0.78499555 | M21: 21 | N21: =F21/H21 -> 1.1736716 | O21: TRANSQUINZE COMÉRCIO E TRANSPORTES LTDA | P21: 5.2290688 | Q21: 5.2680588 | R21: 5.1963742 | S21: 4.52 | T21: 5.3049955 | V21: 6.1430396 | Y21: 21 | Z21: TRANSQUINZE COMÉRCIO E TRANSPORTES LTDA | AA21: 124 | AB21: 4.52 | AC21: =AB21-H21 -> 0 | AD21: =AA21-I21 -> 0
A22: 17 | B22: 21 | C22: MICRO ÔNIBUS, Mínimo 22 lugares, Porta automática, Ar condicionado | D22: TRECHO 21:, Saindo da sede da Prefeitura., Interior para escolas da cidade., | E22: 127 | F22: 6.08 | G22: =F22*E22*20 -> 15443.2 | H22: 4.99 | I22: 124 | J22: =I22*H22*20 -> 12375.2 | K22: =F22-H22 -> 1.09 | L22: 135.81 | M22: 22 | N22: =F22/H22 -> 1.2184369 | O22: TRANSQUINZE COMÉRCIO E TRANSPORTES LTDA | P22: 7.2753 | Q22: 7.3756668 | R22: 4.8960875 | S22: 4.99 | T22: 5.1450873 | V22: 7.6572482 | Y22: 22 | Z22: TRANSQUINZE COMÉRCIO E TRANSPORTES LTDA | AA22: 124 | AB22: 4.99 | AC22: =AB22-H22 -> 0 | AD22: =AA22-I22 -> 0
A23: 16 | B23: 22 | C23: VAN , Mínimo 16 lugares, Porta automática, Ar condicionado | D23: TRECHO 22:, Saindo da sede da Prefeitura., Interior para escolas da cidade., | E23: 144 | F23: 4.7643797 | G23: =F23*E23*20 -> 13721.413 | H23: 4.36 | I23: 162 | J23: =I23*H23*20 -> 14126.4 | K23: =F23-H23 -> 0.40437966 | L23: 146.05 | M23: 23 | N23: =F23/H23 -> 1.0927476 | O23: LUIS CARLOS KLOH | P23: 4.649755 | Q23: 4.6713684 | R23: 4.8453656 | S23: 4.36 | T23: 4.7643797 | V23: 4.7682044 | Y23: 23 | Z23: LUIS CARLOS KLOH | AA23: 162 | AB23: 4.36 | AC23: =AB23-H23 -> 0 | AD23: =AA23-I23 -> 0
A24: 15 | B24: 23 | C24: MICRO ÔNIBUS, Mínimo 22 lugares, Porta automática, Ar condicionado | D24: TRECHO 23:, Saindo da sede da Prefeitura , Cidade para interior (EMEF Rincão Seco), | E24: 131 | F24: 5.04 | G24: =F24*E24*20 -> 13204.8 | H24: 5.25 | I24: 162 | J24: =I24*H24*20 -> 17010 | K24: =F24-H24 -> -0.21 | M24: 25 | N24: =F24/H24 -> 0.96 | O24: TRANSQUINZE COMÉRCIO E TRANSPORTES LTDA | P24: 4.4691002 | Q24: 4.4852949 | R24: 5.4042082 | S24: 5.25 | T24: 5.0466196 | V24: 4.2900587 | Y24: 25 | Z24: TRANSQUINZE COMÉRCIO E TRANSPORTES LTDA | AA24: 162 | AB24: 5.25 | AC24: =AB24-H24 -> 0 | AD24: =AA24-I24 -> 0
A25: 14 | B25: 24 | C25: VAN , Mínimo 16 lugares, Porta automática, Ar condicionado | D25: TRECHO 24:, Saindo da sede da Prefeitura., Interior para escolas da cidade., | E25: 180 | F25: 4.1955577 | G25: =F25*E25*20 -> 15104.008 | H25: 4.34 | I25: 192 | J25: =I25*H25*20 -> 16665.6 | K25: =F25-H25 -> -0.14444227 | M25: 26 | N25: =F25/H25 -> 0.96671837 | O25: VALDERI HOPPE LTDA | P25: 4.0816163 | Q25: 4.0861883 | R25: 4.8680053 | S25: 4.34 | T25: 4.1955577 | V25: 5.5517253 | Y25: 26 | Z25: VALDERI HOPPE LTDA | AA25: 192 | AB25: 4.34 | AC25: =AB25-H25 -> 0 | AD25: =AA25-I25 -> 0
A26: 13 | B26: 25 | C26: MICRO ÔNIBUS, Mínimo 24 lugares, Porta automática, Ar condicionado | D26: TRECHO 25:, Saindo da sede da Prefeitura , Cidade para interior (EMEF Alfredo Brenner), | E26: 75 | F26: 7.19 | G26: =F26*E26*20 -> 10785 | H26: 5.5 | I26: 91.3 | J26: =I26*H26*20 -> 10043 | K26: =F26-H26 -> 1.69 | M26: 28 | N26: =F26/H26 -> 1.3072727 | O26: AIRTO SCAPINI E CIA LTDA | P26: 5.85212 | Q26: 5.9097984 | R26: 7.2723392 | S26: 5.5 | T26: 7.3809605 | V26: 6.6094932 | Y26: 28 | Z26: AIRTO SCAPINI E CIA LTDA | AA26: 91.3 | AB26: 5.5 | AC26: =AB26-H26 -> 0 | AD26: =AA26-I26 -> 0
A27: 12 | B27: 26 | C27: VAN , Mínimo 16 lugares, Porta automática, Ar condicionado | D27: TRECHO 26:, Saindo da sede da Prefeitura., Interior para escolas da cidade., | E27: 121 | F27: 5.3049955 | G27: =F27*E27*20 -> 12838.089 | H27: 4.66 | I27: 114.5 | J27: =I27*H27*20 -> 10671.4 | K27: =F27-H27 -> 0.64499555 | M27: 29 | N27: =F27/H27 -> 1.1384111 | O27: TRANSPORTES VIATUR LTDA - EPP | P27: 5.5132676 | Q27: 5.5607821 | R27: 5.5690045 | S27: 4.66 | T27: 5.3049955 | V27: 5.4763677 | Y27: 29 | Z27: TRANSPORTES VIATUR LTDA - EPP | AA27: 114.5 | AB27: 4.66 | AC27: =AB27-H27 -> 0 | AD27: =AA27-I27 -> 0
A28: 11 | B28: 27 | C28: VAN , Mínimo 16 lugares, Porta automática, Ar condicionado | D28: TRECHO 27:, Saindo da sede da Prefeitura., Interior para escolas da cidade., | E28: 126 | F28: 5.170681 | G28: =F28*E28*20 -> 13030.116 | H28: 4.66 | I28: 130 | J28: =I28*H28*20 -> 12116 | K28: =F28-H28 -> 0.51068104 | M28: 30 | N28: =F28/H28 -> 1.1095882 | O28: TRANSPORTES HENTGES LTDA - ME | P28: 5.0795365 | Q28: 5.1140413 | R28: 5.0620597 | S28: 4.66 | T28: 5.170681 | V28: 5.3207357 | Y28: 30 | Z28: TRANSPORTES HENTGES LTDA - ME | AA28: 130 | AB28: 4.66 | AC28: =AB28-H28 -> 0 | AD28: =AA28-I28 -> 0
A29: 10 | B29: 28 | C29: VAN , Mínimo 16 lugares, Porta automática, Ar condicionado | D29: TRECHO 28:, Saindo da sede da Prefeitura., Interior para escola da interior ( EMEF José de Anchieta)., | E29: 124 | F29: 5.223107 | G29: =F29*E29*20 -> 12953.305 | H29: 5.21 | I29: 127.6 | J29: =I29*H29*20 -> 13295.92 | K29: =F29-H29 -> 0.013107026 | M29: 32 | N29: =F29/H29 -> 1.0025157 | O29: ADILSON WACHTER ME | P29: 5.1525365 | Q29: 5.1892309 | R29: 5.5690045 | S29: 5.21 | T29: 5.223107 | V29: 4.1366149 | Y29: 32 | Z29: ADILSON WACHTER ME | AA29: 127.6 | AB29: 5.21 | AC29: =AB29-H29 -> 0 | AD29: =AA29-I29 -> 0
A30: 9 | B30: 29 | C30: VAN , Mínimo 16 lugares, Porta automática, Ar condicionado | D30: TRECHO 29:, Saindo da sede da Prefeitura. , Interior para escolas da cidade., | E30: 155 | F30: 4.5625396 | G30: =F30*E30*20 -> 14143.873 | H30: 4.31 | I30: 155 | J30: =I30*H30*20 -> 13361 | K30: =F30-H30 -> 0.25253962 | M30: 36 | N30: =F30/H30 -> 1.0585939 | O30: VALDERI HOPPE LTDA | P30: 4.5810956 | Q30: 4.6006496 | R30: 4.9620471 | S30: 4.31 | T30: 4.5625396 | V30: 5.6340395 | Y30: 36 | Z30: VALDERI HOPPE LTDA | AA30: 155 | AB30: 4.31 | AC30: =AB30-H30 -> 0 | AD30: =AA30-I30 -> 0
A31: 8 | B31: 30 | C31: VAN , Mínimo 16 lugares, Porta automática, Ar condicionado | D31: TRECHO 30:, Saindo da sede da Prefeitura., Interior para escola do interior (EMEF Rincão Seco)., | E31: 186 | F31: 4.1221614 | G31: =F31*E31*20 -> 15334.44 | H31: 5.17 | I31: 136 | J31: =I31*H31*20 -> 14062.4 | K31: =F31-H31 -> -1.0478386 | M31: 37 | N31: =F31/H31 -> 0.79732328 | O31: ANDREIA LETICIA PROCHNOW HOPPE LTDA | P31: 4.9431983 | Q31: 4.9736135 | R31: 4.01354 | S31: 5.17 | T31: 4.1221614 | V31: 4.4085777 | Y31: 37 | Z31: ANDREIA LETICIA PROCHNOW HOPPE LTDA | AA31: 136 | AB31: 5.17 | AC31: =AB31-H31 -> 0 | AD31: =AA31-I31 -> 0
A32: 7 | B32: 31 | C32: VAN , Mínimo 16 lugares, Porta automática, Ar condicionado | D32: TRECHO 31:, Saindo da sede da Prefeitura., Interior para escolas da cidade., | E32: 192 | F32: 4.0533522 | G32: =F32*E32*20 -> 15564.873 | H32: 4.71 | I32: 132.3 | J32: =I32*H32*20 -> 12462.66 | K32: =F32-H32 -> -0.65664775 | M32: 38 | N32: =F32/H32 -> 0.86058434 | O32: LEANDRO JOSÉ HOPPE - ME | P32: 5.0795365 | Q32: 5.1140413 | R32: 3.9447309 | S32: 4.71 | T32: 4.0533522 | V32: 3.9999669 | Y32: 38 | Z32: LEANDRO JOSÉ HOPPE - ME | AA32: 132.3 | AB32: 4.71 | AC32: =AB32-H32 -> 0 | AD32: =AA32-I32 -> 0
A33: 6 | B33: 32 | C33: VAN , Mínimo 16 lugares, Porta automática, Ar condicionado | D33: TRECHO 32:, Saindo da sede da Prefeitura., Perímetro urbano para escolas da cidade., | E33: 118 | F33: 5.3910479 | G33: =F33*E33*20 -> 12722.873 | H33: 5.51 | I33: 136 | J33: =I33*H33*20 -> 14987.2 | K33: =F33-H33 -> -0.11895211 | L33: 107.89 | M33: 39 | N33: =F33/H33 -> 0.9784116 | O33: ADILSON WACHTER ME | P33: 4.9650797 | Q33: 4.9961513 | R33: 5.2824266 | S33: 5.51 | T33: 5.3910479 | V33: 5.5233793 | Y33: 39 | Z33: ADILSON WACHTER ME | AA33: 136 | AB33: 5.51 | AC33: =AB33-H33 -> 0 | AD33: =AA33-I33 -> 0
A34: 5 | B34: 33 | C34: VAN , Mínimo 16 lugares, Porta automática, Ar condicionado | D34: TRECHO 33:, Saindo da sede da Prefeitura., EMEF Rincão Seco para localidades do interior. , | G34: =F34*E34*20 -> 0 | H34: 5.48 | I34: 50 | J34: =I34*H34*20 -> 5480 | K34: =F34-H34 -> -5.48 | M34: 40 | N34: =F34/H34 -> 0 | O34: ANDREIA LETICIA PROCHNOW HOPPE LTDA | P34: 10.024071 | Q34: 10.206887 | R34: - | S34: 5.48 | T34: - | V34: 7.5860961 | Y34: 40 | Z34: ANDREIA LETICIA PROCHNOW HOPPE LTDA | AA34: 50 | AB34: 5.48 | AC34: =AB34-H34 -> 0 | AD34: =AA34-I34 -> 0
A35: 4 | B35: 34 | C35: MICRO ÔNIBUS, Mínimo 18 lugares, Porta automática, Ar condicionado | D35: TRECHO 34:, Saindo da sede da Prefeitura., Bairros da cidade para escolas da cidade., | E35: 91 | F35: 6.31 | G35: =F35*E35*20 -> 11484.2 | H35: 4.96 | I35: 107.3 | J35: =I35*H35*20 -> 10644.16 | K35: =F35-H35 -> 1.35 | L35: 70.79 | M35: 41 | N35: =F35/H35 -> 1.2721774 | O35: CALUMAS TUR TRANSPORTES E TURISMO LTDA - ME | P35: 5.7438139 | Q35: 5.7982436 | R35: 6.3122178 | S35: 4.96 | T35: 6.4208391 | V35: 5.3021187 | Y35: 41 | Z35: CALUMAS TUR TRANSPORTES E TURISMO LTDA - ME | AA35: 107.3 | AB35: 4.96 | AC35: =AB35-H35 -> 0 | AD35: =AA35-I35 -> 0
A36: 3 | B36: 35 | C36: VAN , Mínimo 16 lugares, Porta automática, Ar condicionado | D36: TRECHO 35:, Saindo da sede da Prefeitura., Interior para escola do interior (EMEF José de Anchieta)., | E36: 159 | F36: 4.4960674 | G36: =F36*E36*20 -> 14297.494 | H36: 4.36 | I36: 105.1 | J36: =I36*H36*20 -> 9164.72 | K36: =F36-H36 -> 0.13606743 | M36: 42 | N36: =F36/H36 -> 1.0312081 | O36: ANDREIA LETICIA PROCHNOW HOPPE LTDA | P36: 5.8153303 | Q36: 5.8719052 | R36: 5.3422676 | S36: 4.36 | T36: 4.4960674 | V36: 6.2152652 | Y36: 42 | Z36: ANDREIA LETICIA PROCHNOW HOPPE LTDA | AA36: 105.1 | AB36: 4.36 | AC36: =AB36-H36 -> 0 | AD36: =AA36-I36 -> 0
A37: 2 | B37: 36 | C37: VAN , Mínimo 16 lugares, Porta automática, Ar condicionado | D37: TRECHO 36:, Saindo da sede da Prefeitura., Bairros da cidade para escolas da cidade., | E37: 86 | F37: 6.6825001 | G37: =F37*E37*20 -> 11493.9 | H37: 5.01 | I37: 114.6 | J37: =I37*H37*20 -> 11482.92 | K37: =F37-H37 -> 1.6725001 | L37: 54 | M37: 44 | N37: =F37/H37 -> 1.3338324 | O37: ADILSON WACHTER ME | P37: 5.5132676 | Q37: 5.5607821 | R37: 6.5738788 | S37: 5.01 | T37: 6.6825001 | V37: 3.8128821 | Y37: 44 | Z37: ADILSON WACHTER ME | AA37: 114.6 | AB37: 5.01 | AC37: =AB37-H37 -> 0 | AD37: =AA37-I37 -> 0
A38: 1 | B38: 37 | C38: VAN , Mínimo 16 lugares, Porta automática, Ar condicionado | D38: TRECHO 37:, Saindo da sede da Prefeitura., Interior para escolas da cidade., | E38: 138 | F38: 4.8880366 | G38: =F38*E38*20 -> 13490.981 | H38: 5.46 | I38: 118 | J38: =I38*H38*20 -> 12885.6 | K38: =F38-H38 -> -0.5719634 | M38: 45 | N38: =F38/H38 -> 0.8952448 | O38: TRANSPORTES HENTGES LTDA - ME | P38: 5.3938078 | Q38: 5.4377391 | R38: 4.7794153 | S38: 5.46 | T38: 4.8880366 | V38: 4.1922051 | Y38: 45 | Z38: TRANSPORTES HENTGES LTDA - ME | AA38: 118 | AB38: 5.46
E39: =SUM(E2:E38) -> 4795 | G39: =SUM(G2:G38) -> 484600.52 | I39: =SUM(I2:I38) -> 4899.05 | J39: =SUM(J2:J38) -> 467541.35
D41: valor | E41: idade | F41: vida util
C42: van | D42: 180000 | E42: 7 | F42: 15 | I42: =G39-J39 -> 17059.17 | J42: =G39/J39 -> 1.036487
C43: micro onibus | D43: 140000 | E43: 12 | F43: 20
C44: onibus | D44: 190000 | E44: 12 | F44: 20
D46: consumo km por litro | E46: valor diesel | F46: manutencao
C47: van | D47: 7.5 | E47: 7.2 | F47: 0.55
C48: micro onibus | D48: 6 | E48: 7.2 | F48: 0.55
C49: onibus | D49: 3.5 | E49: 7.2 | F49: 0.55
C53: 22 | D53: 1,5 motorista
C55: 13 | D55: novo

Sheet 2.Encargos Sociais
A6: Fonte: Sinapi - CAIXA: RS 11/2022
A7: 2. Composição dos Encargos Sociais - Simples Nacional | E7: fora do simples nacional
A8: Código | B8: Descrição | C8: Valor
A9: A1 | B9: INSS | C9: 0.2 | E9: 0.2
A10: A2 | B10: SESI | C10: 0.015 | E10: 0.015
A11: A3 | B11: SENAI | C11: 0.01 | E11: 0.01
A12: A4 | B12: INCRA | C12: 0.002 | E12: 0.002
A13: A5 | B13: SEBRAE | C13: 0.006 | E13: 0.006
A14: A6 | B14: Salário educação | C14: 0.025 | E14: 0.025
A15: A7 | B15: Seguro contra acidentes de trabalho | C15: 0.03
A16: A8 | B16: FGTS | C16: 0.08
A17: A | B17: SOMA GRUPO A | C17: =SUM(C9:C16) -> 0.368
A19: B1 | B19: Férias gozadas | C19: 0.0783
A20: B2 | B20: 13º salário | C20: 0.0833
A21: B3 | B21: Licença Paternidade | C21: 0.0005
A22: B4 | B22: Faltas justificadas | C22: 0.0056
A23: B5 | B23: Auxilio acidente de trabalho | C23: 0.0008
A24: B6 | B24: Auxilio doença | C24: 0.0066
A25: B7 | B25: Auxilio maternidade | C25: 0.0003
A26: B | B26: SOMA GRUPO B | C26: =SUM(C19:C25) -> 0.1754
A28: C1 | B28: Aviso prévio indenizado | C28: 0.0347
A29: C2 | B29: Aviso prévio trabalhado | C29: 0.0008
A30: C3 | B30: Férias indenizadas | C30: 0.0255
A31: C4 | B31: Depósito rescisão sem justa causa | C31: 0.0215
A32: C5 | B32: Indenização adicional | C32: 0.0029
A33: C | B33: SOMA GRUPO C | C33: =SUM(C28:C32) -> 0.0854
A35: D1 | B35: Reincidência de Grupo A sobre Grupo B | C35: =ROUND(C17*C26,4) -> 0.0645
A36: D2 | B36: Reincidência de FGTS sobre aviso prévio indenizado e grupo A sobre aviso prévio trabalhado | C36: =ROUND((C28*C16),4)+C17*C29 -> 0.0030944
A37: D | B37: SOMA GRUPO D | C37: =SUM(C35:C36) -> 0.0675944
B38: SOMA (A+B+C+D) | C38: =C37+C33+C26+C17 -> 0.6963944

Sheet 4.BDI
A1: Orientações para preenchimento:
A2: 1. Esta planilha é somente um modelo-base e deve ser ajustada conforme cada caso concreto.
A3: 2. Preencher somente células em amarelo
A8: 4. Composição do BDI - Benefícios e Despesas Indiretas
D10: Referência estudo TCE
D11: 1° Quartil | E11: Médio | F11: 3° Quartil
A12: Administração Central | B12: AC | C12: 0.02 | D12: 0.0297 | E12: 0.0508 | F12: 0.0627
A13: Seguros/Riscos/Garantias | B13: SRG | C13: 0.01 | D13: =0.3%+0.56% -> 0.0086 | E13: =0.48%+0.85% -> 0.0133 | F13: =0.82%+0.89% -> 0.0171
A14: Lucro | B14: L | C14: 0.05 | D14: 0.0778 | E14: 0.1085 | F14: 0.1355
A15: Despesas Financeiras | B15: DF | C15: =(1+E15)^(E16/252)-1 -> 0.0045072975 | D15: i | E15: 0.12
A16: Tributos - ISS | B16: T | C16: 0.03 | D16: DU | E16: 10
A17: Tributos - PIS/COFINS | C17: 0.0365
A18: Fórmula para o cálculo do BDI:
A19: {[(1+AC+SRG) x (1+L) x (1+DF)] / (1-T)} -1
A20: Resultado do cálculo do BDI: | C20: =ROUND((((1+C12+C13)*(1+C14)*(1+C15))/(1-(C16+C17))-1),4) -> 0.1638 | D20: 0.2143 | E20: 0.2717 | F20: 0.3362
D25: Referência estudo TCE
D26: 1° Quartil | E26: Médio | F26: 3° Quartil
A27: Administração Central | B27: AC | C27: 0.01 | D27: 0.0297 | E27: 0.0508 | F27: 0.0627
A28: Seguros/Riscos/Garantias | B28: SRG | C28: 0.01 | D28: =0.3%+0.56% -> 0.0086 | E28: =0.48%+0.85% -> 0.0133 | F28: =0.82%+0.89% -> 0.0171
A29: Lucro | B29: L | C29: 0.08 | D29: 0.0778 | E29: 0.1085 | F29: 0.1355
A30: Despesas Financeiras | B30: DF | C30: =(1+E30)^(E31/252)-1 -> 0.0034256039 | D30: i | E30: 0.09
A31: Tributos - SIMPLES NACIONAL | B31: T | C31: 0.1 | D31: DU | E31: 10
A33: Fórmula para o cálculo do BDI:
A34: {[(1+AC+SRG) x (1+L) x (1+DF)] / (1-T)} -1
A35: Resultado do cálculo do BDI: | C35: =ROUND((((1+C27+C28)*(1+C29)*(1+C30))/(1-(C31+C32))-1),4) -> 0.2282 | D35: 0.2143 | E35: 0.2717 | F35: 0.3362

Sheet 5. Depreciação
A1: 5. Depreciação Referencial TCE/RS (%)
A2: Idade do veículo (ano) | B2: Depreciação Média
A3: 1 | B3: 33.63 | C3: =100-B3 -> 66.37
A4: 2 | B4: 43.13 | C4: =100-B4 -> 56.87
A5: 3 | B5: 48.68 | C5: =100-B5 -> 51.32
A6: 4 | B6: 52.62 | C6: =100-B6 -> 47.38
A7: 5 | B7: 55.68 | C7: =100-B7 -> 44.32
A8: 6 | B8: 58.18 | C8: =100-B8 -> 41.82
A9: 7 | B9: 60.29 | C9: =100-B9 -> 39.71
A10: 8 | B10: 62.12 | C10: =100-B10 -> 37.88
A11: 9 | B11: 63.73 | C11: =100-B11 -> 36.27
A12: 10 | B12: 65.18 | C12: =100-B12 -> 34.82
A13: 11 | B13: 66.48 | C13: =100-B13 -> 33.52
A14: 12 | B14: 67.67 | C14: =100-B14 -> 32.33
... A17: 15 | B17: 70.73 | C17: =100-B17 -> 29.27
A18: 16 | B18: 71.615465
A19: 17 | B19: 72.446023
A20: 18 | B20: 73.229093
A21: 19 | B21: 73.969814
A22: 20 | B22: 74.672532
A23: 21 | B23: 75.340957
A24: 22 | B24: 75.978282
A25: 23 | B25: 76.587271
A26: 24 | B26: 77.170337
A27: 25 | B27: 77.729599

Sheet 6.Remuneração de capital
A1: 6. Remuneração de Capital
A3: Fórmula de cálculo da remuneração de capital:
A12: Jm = remuneração de capital mensal
A13: i = taxa de juros do mercado (sugere-se adotar a taxa SELIC)
A14: Im = investimento médio
A15: V0 = valor inicial do bem
A16: Vr = valor residual do bem
A17: n = vida útil do bem em anos
